 Dungeon Crawl Stone Soup version 0.30-a0-989-g0d87f670db (webtiles) character file.

Game seed: 8025387663058926427

14986 CornPuffBuddha the Skirmisher (level 12, -4/94 HPs)
             Began as a Gnoll Hunter on Apr 2, 2023.
             Was a High Priest of Okawaru.
             Slain by a six-headed hydra (6 damage)
             ... on level 10 of the Dungeon on Apr 3, 2023.
             The game lasted 00:52:38 (14114 turns).

CornPuffBuddha the Skirmisher (Gnoll Hunter)       Turns: 14114, Time: 00:52:39

Health: -4/94      AC: 11    Str: 10    XL:     12   Next: 22%
Magic:  23/23      EV: 15    Int:  9    God:    Okawaru [*****.]
Gold:   286        SH:  0    Dex: 21    Spells: 25/25 levels left

rFire   . . .      SeeInvis .    X - +0 arbalest (elec)
rCold   + . .      Faith    .    (shield currently unavailable)
rNeg    . . .      Spirit   .    z - +1 ring mail {Will+}
rPois   .          Reflect  .    j - +0 helmet
rElec   .          Rampage  .    S - +0 cloak
rCorr   +                        m - +0 pair of gloves
Will    +....                    (no boots)
Stlth   +++                      (no amulet)
HPRegen 0.35/turn                f - ring of protection from cold
MPRegen 0.18/turn                o - ring of resist corrosion

@: about to teleport
A: fangs 1, strong nose, distributed training
a: Renounce Religion, Heroism, Finesse, Duel


You were on level 10 of the Dungeon.
You worshipped Okawaru.
Okawaru was extremely pleased with you.
You visited 2 branches of the dungeon, and saw 12 of its levels.

You collected 556 gold pieces.
You spent 270 gold pieces at shops.

Inventory:

Hand Weapons
 a - a +0 shortbow
 w - a +3 trident of venom
 A - a +5 long sword
 L - a +3 long sword
 U - a +1 shortbow of freezing
 X - a +0 arbalest of electrocution (weapon)
 Z - the +5 long sword of Dividends {drain, rF+ rC+}
   (You found it on level 10 of the Dungeon)

   rF:        It protects you from fire.
   rC:        It protects you from cold.
Missiles
 C - 4 poisoned darts
 V - 3 javelins
Armour
 c - a +0 leather armour
 j - a +0 helmet (worn)
 k - a +0 chain mail
 m - a +0 pair of gloves (worn)
 z - a +1 ring mail of willpower (worn)
 J - the +0 ring mail of the Armadillo {Int+3}
   (You bought it in a shop on level 9 of the Dungeon)

   Int:       It affects your intelligence (+3).
 P - a +0 buckler
 S - a +0 cloak (worn)
Jewellery
 f - a ring of protection from cold (left hand)
 o - a ring of resist corrosion (right hand)
 F - an amulet of faith
Wands
 s - a wand of light (4)
 t - a wand of flame (5)
 K - a wand of paralysis (13)
 M - a wand of iceblast (1)
 T - a wand of polymorph (5)
Scrolls
 b - 5 scrolls of immolation
 d - a scroll of torment {unknown}
 e - a scroll of poison {unknown}
 i - 2 scrolls of teleportation
 n - a scroll of acquirement {unknown}
 p - 3 scrolls of fog
 u - 3 scrolls of magic mapping
 x - a scroll of vulnerability {unknown}
 y - 2 scrolls of enchant armour {unknown}
 B - 2 scrolls of amnesia {unknown}
 E - 3 scrolls of fear
 G - a scroll of enchant weapon {unknown}
 I - 3 scrolls of noise {unknown}
 W - a scroll of silence {unknown}
Potions
 g - a potion of might
 h - 6 potions of cancellation
 l - 8 potions of brilliance
 q - a potion of resistance
 r - a potion of attraction {unknown}
 v - a potion of mutation {unknown}
 D - 2 potions of flight
 H - 3 potions of degeneration
 N - 3 potions of haste
 O - a potion of lignification {unknown}
 Q - a potion of invisibility {unknown}
 R - a potion of magic {unknown}


   Skills:
 + Level 8.7 Fighting
 + Level 7.3 Short Blades
 + Level 7.3 Long Blades
 + Level 7.3 Axes
 + Level 7.3 Maces & Flails
 + Level 7.3 Polearms
 + Level 7.3 Staves
 + Level 11.2 Ranged Weapons
 + Level 7.3 Throwing
 + Level 7.3 Armour
 + Level 8.7 Dodging
 + Level 7.7 Stealth
 + Level 7.3 Shields
 + Level 7.3 Unarmed Combat
 + Level 7.3 Spellcasting
 + Level 6.1 Conjurations
 + Level 6.1 Hexes
 + Level 6.1 Summonings
 + Level 6.1 Necromancy
 + Level 6.1 Translocations
 + Level 6.1 Transmutations
 + Level 6.1 Fire Magic
 + Level 6.1 Ice Magic
 + Level 6.1 Air Magic
 + Level 6.1 Earth Magic
 + Level 6.1 Poison Magic
 + Level 8.0 Invocations
 + Level 7.3 Evocations


You had 25 spell levels left.
You didn't know any spells.
Your spell library contained the following spells:

 Spells                   Type           Power      Damage    Failure   Level
 Apportation              Tloc           28%        N/A       3%          1
 Necrotise                Necr           56%        1d6       3%          1
 Blink                    Tloc           28%        N/A       5%          2
 Cigotuvi's Dreadful Rot  Necr/Pois/Air  28%        N/A       5%          2
 Lesser Beckoning         Tloc           28%        N/A       5%          2
 Momentum Strike          Conj/Tloc      28%        3d8       5%          2
 Poisonous Vapours        Pois/Air       28%        N/A       5%          2
 Scorch                   Fire           28%        2d6       5%          2
 Dazzling Flash           Conj/Hex       28%        N/A       11%         3
 Gell's Gravitas          Tloc           14%        N/A       11%         3
 Mephitic Cloud           Conj/Pois/Air  14%        N/A       11%         3
 Teleport Other           Tloc           14%        N/A       11%         3
 Vampiric Draining        Necr           14%        2d7       11%         3
 Flame Wave               Conj/Fire      14%        2d6       34%         4
 Agony                    Necr           14%        N/A       67%         5
 Silence                  Hex/Air        7%         N/A       67%         5
 Orb of Destruction       Conj           7%         9d6       100%        7
 Summon Small Mammal      Summ           Unusable   N/A       N/A         1
 Summon Guardian Golem    Hex/Summ       Unusable   N/A       N/A         3
 Summon Cactus Giant      Summ           Unusable   N/A       N/A         6
 Spellforged Servitor     Conj/Summ      Unusable   N/A       N/A         7

Dungeon Overview and Level Annotations

Branches:
Dungeon (11/15)            Temple (1/1) D:7            Lair (0/5) D:8
    Orc (0/2) D:11

Altars:
Ashenzari
Cheibriados
Dithmenos
Elyvilon
Fedhas
Gozag
Hepliaklqana
Kikubaaqudgha
Makhleb
Nemelex Xobeh
Okawaru
Qazlal
Ru
Sif Muna
Trog
Uskayaw
Vehumet
Wu Jian
Xom
Yredelemnul
Zin
The Shining One

Shops:
D:9 [

Annotations:
D:11 4 runed translucent doors


Innate Abilities, Weirdness & Mutations

You have very sharp teeth.
Your uncanny sense of smell can sniff out nearby items.
Your experience applies equally to all skills.


Message History

There is a stone staircase leading down here.
There is a stone staircase leading down here.
Fire: X) +0 arbalest (elec)
Press: ? - help, Q - select action, (/) - cycle Shift-Dir - straight line, f - ogre mage
Aim: an ogre mage, wielding a +0 club and wearing a +0 robe (wandering, hasn't noticed you, 76% to hit)
You shoot a bolt. The ogre mage shouts!
The bolt hits the ogre mage!
The ogre mage is lightly wounded.
You hear a shout!
You hear an angry hiss.
A six-headed hydra comes into view.
The ogre mage gestures at you while chanting.
The bolt of magma hits you!!
There is an open door here.
As you read the scroll of teleportation, it crumbles to dust.
You feel strangely unstable.
The ogre mage points at you and mumbles some strange words.
The bolt of magma hits you!!
The six-headed hydra attacks as you move away!
The six-headed hydra bites you! x2
The six-headed hydra closely misses you.
The six-headed hydra bites you!
* * * LOW HITPOINT WARNING * * *
The six-headed hydra bites you!
* * * LOW HITPOINT WARNING * * *
The six-headed hydra bites you.
* * * LOW HITPOINT WARNING * * *
The death knight offers itself to Yredelemnul, and fills with unholy energy.
Read: 4 scrolls of fear
Press: ? - help, Q - select action, (/) - cycle Dir - look around, f - activate Look: a six-headed hydra (chance to affect: 79%)
As you read the scroll of fear, it crumbles to dust.
You assume a fearsome visage.
The death knight looks frightened!
The ogre mage resists with almost no effort.
The six-headed hydra resists with some effort.
The six-headed hydra bites you!
* * * LOW HITPOINT WARNING * * *
The six-headed hydra bites you.
You die...

##.#####...##.# #..# #.##
#.............# #..# #.#
###.#........############# #.#
#...#...##..## #...#...# #.##
#.#####.##..### #...'.p.+ #...
#..(#...##....# #..p# ####
###.#.####.##.# ##O## ## #...#
#.##.####...#}.)# #...#
#..#.#.@D...#/..+
#...#####.#.#.##...#).[#
##....[.##.#....##'######
#.......##.###### ..#
#.##....##.# .# ∆ ####
#.##.#.###.###### .# #...
#.##.#..........###### #####
##.#...##.##.######.#.#######.#
..........##.......###.....##.#


You could see a death knight (reflects damage, fleeing), a six-headed hydra and
an ogre mage.

Vanquished Creatures
  An ogre mage (D:10)
  Fannar (D:11)
  A boulder beetle (D:10)
  4 two-headed ogres
  Pikel (D:7)
  A cyclops (D:11)
  A gargoyle (D:9)
  An unseen horror (D:11)
  Maggie (D:7)
  A troll (D:11)
  Prince Ribbit (D:6)
  Grinder (D:6)
  Sigmund (D:6)
  10 yaks
  A vampire (D:10)
  A basilisk (D:6)
  6 spriggans (D:8)
  A shadow (D:10)
  2 steam dragons
  An acid dragon (D:8)
  Duvessa (D:7)
  A sky beast (D:6)
  4 ice beasts
  3 orc warriors
  2 black bears (D:6)
  3 ogres
  7 centaurs
  2 phantoms (D:6)
  3 lemures (D:7)
  4 bullfrogs
  4 scorpions
  A gnoll sergeant (D:6)
  13 wights
  4 killer bees (D:9)
  Dowan (D:7)
  6 howler monkeys
  3 electric eels (D:8)
  A gnoll bouda (D:8)
  9 hounds
  5 orc priests
  A sleepcap (D:6)
  6 iguanas
  5 orc wizards
  9 gnolls
  14 adders
  3 shadow imps
  2 white imps (D:6)
  3 worms
  2 dart slugs
  47 orcs
  9 bats
  2 bat zombies (D:3)
  9 endoplasms
  5 giant cockroaches
  7 hobgoblins
  3 quokkas
  9 ball pythons
  4 frilled lizards
  4 goblins
  10 kobolds
  9 rats
  A rat zombie (D:3)
279 creatures vanquished.

Vanquished Creatures (others)
  Maurice (D:8)
  An unseen horror (D:6)
  An ogre (D:6)
  7 plants (D:6)
10 creatures vanquished.

Grand Total: 289 creatures vanquished

Notes
Turn   | Place    | Note
-------+----------+-------------------------------------------
     0 | D:1      | CornPuffBuddha the Gnoll Hunter began the quest for the
                  | Orb.
     0 | D:1      | Reached XP level 1. HP: 20/20 MP: 1/1
    83 | D:1      | Reached XP level 2. HP: 17/26 MP: 2/2
   288 | D:1      | Reached XP level 3. HP: 31/31 MP: 3/3
   487 | D:1      | Reached skill level 1 in Invocations
  1082 | D:2      | Reached skill level 1 in Short Blades
  1082 | D:2      | Reached skill level 1 in Long Blades
  1082 | D:2      | Reached skill level 1 in Axes
  1082 | D:2      | Reached skill level 1 in Maces & Flails
  1082 | D:2      | Reached skill level 1 in Polearms
  1082 | D:2      | Reached skill level 1 in Staves
  1082 | D:2      | Reached skill level 1 in Throwing
  1082 | D:2      | Reached skill level 1 in Armour
  1082 | D:2      | Reached skill level 1 in Shields
  1082 | D:2      | Reached skill level 1 in Unarmed Combat
  1082 | D:2      | Reached skill level 1 in Spellcasting
  1082 | D:2      | Reached skill level 1 in Evocations
  1153 | D:2      | Found a glowing silver altar of Zin.
  1168 | D:2      | Reached XP level 4. HP: 38/38 MP: 5/5
  1672 | D:3      | Reached skill level 1 in Conjurations
  1672 | D:3      | Reached skill level 1 in Hexes
  1672 | D:3      | Reached skill level 1 in Summonings
  1672 | D:3      | Reached skill level 1 in Necromancy
  1672 | D:3      | Reached skill level 1 in Translocations
  1672 | D:3      | Reached skill level 1 in Transmutations
  1672 | D:3      | Reached skill level 1 in Fire Magic
  1672 | D:3      | Reached skill level 1 in Ice Magic
  1672 | D:3      | Reached skill level 1 in Air Magic
  1672 | D:3      | Reached skill level 1 in Earth Magic
  1672 | D:3      | Reached skill level 1 in Poison Magic
  1740 | D:3      | Reached XP level 5. HP: 17/43 MP: 5/7
  1912 | D:3      | Reached XP level 6. HP: 25/50 MP: 8/8
  2116 | D:3      | Found a sacrificial altar of Ru.
  2118 | D:3      | Found an ornate altar of the Wu Jian Council.
  2275 | D:3      | Reached skill level 5 in Fighting
  2275 | D:3      | Reached skill level 5 in Dodging
  2631 | D:3      | Found an ancient bone altar of Kikubaaqudgha.
  3451 | D:4      | Reached XP level 7. HP: 33/56 MP: 10/10
  3740 | D:5      | Entered Level 5 of the Dungeon
  3779 | D:5      | Reached skill level 9 in Ranged Weapons
  4223 | D:5      | Reached XP level 8. HP: 39/63 MP: 12/12
  4415 | D:5      | Found a hazy altar of Hepliaklqana.
  4737 | D:5      | Found a shimmering blue altar of Sif Muna.
  4840 | D:6      | Found a shimmering altar of Xom.
  4943 | D:6      | Noticed Prince Ribbit
  4958 | D:6      | Killed Prince Ribbit
  5014 | D:6      | Noticed Grinder
  5023 | D:6      | Killed Grinder
  5121 | D:6      | Noticed Sigmund
  5399 | D:6      | Reached XP level 9. HP: 69/69 MP: 14/14
  5660 | D:6      | Found a radiant altar of Vehumet.
  5711 | D:6      | Reached skill level 5 in Stealth
  5782 | D:6      | Reached skill level 5 in Invocations
  5867 | D:6      | Killed an unseen horror
  6178 | D:6      | Found an iron altar of Okawaru.
  6207 | D:6      | Became a worshipper of Warmaster Okawaru
  6415 | D:6      | Killed Sigmund
  6522 | D:7      | Reached skill level 5 in Short Blades
  6522 | D:7      | Reached skill level 5 in Long Blades
  6522 | D:7      | Reached skill level 5 in Axes
  6522 | D:7      | Reached skill level 5 in Maces & Flails
  6522 | D:7      | Reached skill level 5 in Polearms
  6522 | D:7      | Reached skill level 5 in Staves
  6522 | D:7      | Reached skill level 5 in Throwing
  6522 | D:7      | Reached skill level 5 in Armour
  6522 | D:7      | Reached skill level 5 in Shields
  6522 | D:7      | Reached skill level 5 in Unarmed Combat
  6522 | D:7      | Reached skill level 5 in Spellcasting
  6522 | D:7      | Reached skill level 5 in Evocations
  6522 | D:7      | Reached XP level 10. HP: 77/77 MP: 17/17
  6715 | D:7      | Found a staircase to the Ecumenical Temple.
  6729 | D:7      | Reached skill level 10 in Ranged Weapons
  6740 | Temple   | Entered the Ecumenical Temple
  6957 | D:7      | Noticed Maggie
  6962 | D:7      | Killed Maggie
  6970 | D:7      | Reached * piety under Okawaru
  6990 | D:7      | Noticed Pikel
  6999 | D:7      | Killed Pikel
  7186 | D:7      | Found a glowing golden altar of the Shining One.
  7260 | D:7      | Noticed Dowan
  7262 | D:7      | Noticed Duvessa
  7267 | D:7      | Killed Dowan
  7277 | D:7      | Killed Duvessa
  7799 | D:8      | Found a shadowy altar of Dithmenos.
  8325 | D:8      | Noticed Maurice
  8337 | D:8      | Killed Maurice
  8730 | D:8      | Reached ** piety under Okawaru
  8819 | D:8      | Noticed a two-headed ogre
  8826 | D:8      | Killed a two-headed ogre
  8827 | D:8      | Reached skill level 5 in Conjurations
  8827 | D:8      | Reached skill level 5 in Hexes
  8827 | D:8      | Reached skill level 5 in Summonings
  8827 | D:8      | Reached skill level 5 in Necromancy
  8827 | D:8      | Reached skill level 5 in Translocations
  8827 | D:8      | Reached skill level 5 in Transmutations
  8827 | D:8      | Reached skill level 5 in Fire Magic
  8827 | D:8      | Reached skill level 5 in Ice Magic
  8827 | D:8      | Reached skill level 5 in Air Magic
  8827 | D:8      | Reached skill level 5 in Earth Magic
  8827 | D:8      | Reached skill level 5 in Poison Magic
  8827 | D:8      | Reached XP level 11. HP: 42/85 MP: 18/20
  9295 | D:8      | Reached *** piety under Okawaru
  9411 | D:8      | Found a staircase to the Lair.
  9444 | D:8      | Found an opulent altar of Gozag.
  9612 | D:8      | Found a sparkling altar of Nemelex Xobeh.
  9831 | D:9      | Noticed a two-headed ogre
  9839 | D:9      | Killed a two-headed ogre
 10739 | D:9      | Found Sigon's Antique Armour Shop.
 10746 | D:9      | Bought an ichor-stained ring mail for 270 gold pieces
 10746 | D:9      | Identified the +0 ring mail of the Armadillo {Int+3} (You
                  | bought it in a shop on level 9 of the Dungeon)
 11044 | D:10     | Entered Level 10 of the Dungeon
 11363 | D:10     | Received a gift from Okawaru
 11521 | D:10     | Identified the +5 long sword of Dividends {drain, rF+ rC+}
 11785 | D:10     | Found a white marble altar of Elyvilon.
 11802 | D:10     | You fall into a shaft and drop 1 floor!
 11813 | D:11     | Noticed a cyclops
 11818 | D:11     | Found a runed translucent door.
 11905 | D:10     | Found a hide-covered altar of Uskayaw.
 12078 | D:10     | Noticed a boulder beetle
 12078 | D:10     | Noticed an ogre mage
 12543 | D:11     | Noticed a two-headed ogre
 12563 | D:10     | Killed a boulder beetle
 12563 | D:10     | Reached **** piety under Okawaru
 12674 | D:10     | Noticed an ogre mage
 12680 | D:10     | Paralysed by an ogre mage for 2 turns
 12684 | D:10     | Killed an ogre mage
 12688 | D:10     | Noticed a death knight
 12849 | D:11     | Killed a two-headed ogre
 12850 | D:11     | Reached skill level 11 in Ranged Weapons
 13222 | D:11     | Reached ***** piety under Okawaru
 13225 | D:11     | Noticed a two-headed ogre
 13227 | D:11     | Received a gift from Okawaru
 13232 | D:11     | Killed a two-headed ogre
 13233 | D:11     | Reached XP level 12. HP: 82/94 MP: 22/22
 13274 | D:11     | Found a staircase to the Orcish Mines.
 13293 | D:11     | Noticed Fannar
 13425 | D:11     | Found a runed translucent door.
 13446 | D:11     | Found a runed translucent door.
 13472 | D:11     | Found a runed translucent door.
 13502 | D:11     | Received a gift from Okawaru
 13743 | D:11     | Received a gift from Okawaru
 13761 | D:11     | Killed Fannar
 13878 | D:11     | Identified the +0 chain mail of the Desert {Harm Dex+3}
 14111 | D:10     | Noticed a six-headed hydra
 14114 | D:10     | HP: 2/94 [six-headed hydra (7)]
 14114 | D:10     | Slain by a six-headed hydra

Illustrated notes

Levels and vault maps discovered:
D:1:      minmay_arrival_cross, layout_basic,
          wander_ebering_terrifying_dragon_lair
D:2:      layout_rooms, basic_altar, hangedman_feature_mirror,
          corexii_leaking_fountain, minmay_liquid_box, wad_floor_pattern_2,
          hangedman_decor_clover_reticule
D:3:      layout_basic, lemuel_zombie_altar_kikubaaqudgha,
          mainiacjoe_overflow_big_doors
D:4:      layout_cave_pods, minmay_misc_feat_hallway,
          hangedman_abyss_or_decor_jellyfish_corner
D:5:      layout_gridville, nicolae_hepliaklqana_hippocampus,
          nicolae_overflow_hidden_temple
D:6:      layout_basic, mainiacjoe_overflow_brackets,
          mainiacjoe_overflow_alcove_4, xom_confusion_cloud, nzn_random_ring,
          uniq_grinder, uniq_sigmund, uniq_prince_ribbit1
D:7:      layout_rooms, tso_altar, temple_green, uniq_maggie, uniq_pikel,
          uniq_duvessa
D:8:      kb_forest_paths, layout_loops_corners, lemuel_tele_altar,
          kennysheep_mini, mainiacjoe_overflow_alcove_2, minivault_14,
          uniq_maurice
D:9:      layout_loops_ring, serial_shops, nicolae_shop_trees
D:10:     layout_loops_ring, mainiacjoe_overflow_small_starburst,
          overflow_temple_1_default, minmay_evil_grid
D:11:     layout_cave_pools, david_orc_2, minmay_statue_crystal_thing,
          uniq_fannar
Temple:   hellmonk_temple_forest_ring

Skill      XL: |  1  2  3  4  5  6  7  8  9 10 11 12 |
---------------+-------------------------------------+-----
Invocations    | 1 2 3 4 5 6 7 8 |  8.0
Short Blades   | 1 2 3 5 6 7 |  7.3
Long Blades    | 1 2 3 5 6 7 |  7.3
Axes           | 1 2 3 5 6 7 |  7.3
Maces & Flails | 1 2 3 5 6 7 |  7.3
Polearms       | 1 2 3 5 6 7 |  7.3
Staves         | 1 2 3 5 6 7 |  7.3
Throwing       | 1 2 3 5 6 7 |  7.3
Armour         | 1 2 3 5 6 7 |  7.3
Shields        | 1 2 3 5 6 7 |  7.3
Unarmed Combat | 1 2 3 5 6 7 |  7.3
Spellcasting   | 1 2 3 5 6 7 |  7.3
Evocations     | 1 2 3 5 6 7 |  7.3
Conjurations   | 1 2 3 4 5 6 |  6.1
Hexes          | 1 2 3 4 5 6 |  6.1
Summonings     | 1 2 3 4 5 6 |  6.1
Necromancy     | 1 2 3 4 5 6 |  6.1
Translocations | 1 2 3 4 5 6 |  6.1
Transmutations | 1 2 3 4 5 6 |  6.1
Fire Magic     | 1 2 3 4 5 6 |  6.1
Ice Magic      | 1 2 3 4 5 6 |  6.1
Air Magic      | 1 2 3 4 5 6 |  6.1
Earth Magic    | 1 2 3 4 5 6 |  6.1
Poison Magic   | 1 2 3 4 5 6 |  6.1
Stealth        | 3 4 5 6 7 |  7.7
Fighting       | 5 6 7 8 |  8.7
Dodging        | 5 6 7 8 |  8.7
Ranged Weapons | 9 10 11 | 11.2

Action                     |  1- 3 |  4- 6 |  7- 9 | 10-12 || total
---------------------------+-------+-------+-------+-------++-------
  Melee: Long sword        |       |       |       |   195 ||   195
         Bite              |       |       |       |    33 ||    33
         Punch             |       |       |       |     8 ||     8
   Fire: Shortbow          |   100 |   223 |   362 |   257 ||   942
         Arbalest          |       |       |       |    87 ||    87
 Invoke: Heroism           |       |       |       |     3 ||     3
         Finesse           |       |       |       |     1 ||     1
  Evoke: Wand              |       |       |     1 |    22 ||    23
    Use: Scroll            |       |       |     8 |    17 ||    25
         Potion            |       |       |     4 |     6 ||    10
   Stab: Sleeping          |       |       |       |     1 ||     1
 Armour: Leather armour    |     5 |       |       |       ||     5
         Chain mail        |    10 |   156 |       |       ||   166
         Ring mail         |       |     2 |    77 |    82 ||   161
  Dodge: Dodged            |    12 |    69 |   126 |   232 ||   439
  Block: Buckler           |       |       |       |    17 ||    17

Table legend: (Time is in decaauts)
 A = Elapsed time spent in this place.
 B = Non-inter-level travel time spent in this place.
 C = Inter-level travel time spent in this place.
 D = Time resting spent in this place.
 E = Time spent auto-exploring this place.
 F = Levels seen in this place.
 G = Mean time per level.
                   A        B        C        D        E       F      G
               +--------+--------+--------+--------+--------+-----+--------+
         Total |  14405 |  13796 |    609 |   4057 |   6592 |  12 | 1200.4 |
       Dungeon |  14228 |  13636 |    592 |   4047 |   6452 |  11 | 1293.5 |
        Temple |    176 |    159 |     17 |     10 |    140 |   1 |  176.0 |
               +--------+--------+--------+--------+--------+-----+--------+

Top non-repeatable levels by time:
     D:8: 2381 daAuts
     D:6: 1725 daAuts
    D:10: 1624 daAuts
     D:3: 1335 daAuts
     D:9: 1291 daAuts
    D:11: 1262 daAuts
     D:5: 1213 daAuts
     D:4: 970 daAuts
     D:1: 940 daAuts
     D:7: 827 daAuts
     D:2: 656 daAuts
  Temple: 176 daAuts
